 Dungeon Crawl Stone Soup version 0.24-a0-443-g80245de385 (webtiles) character file.

Game seed: 9076380374080635997

49 Krouwed the Sneak (level 3, 0/24 HPs)
             Began as a Vampire Enchanter on June 21, 2019.
             Killed from afar by Natasha (4 damage)
             ... with a magic dart
             ... on level 2 of the Dungeon.
             The game lasted 00:06:18 (1342 turns).

Krouwed the Sneak (Vampire Enchanter)               Turns: 1342, Time: 00:06:19

Health: 0/24       AC:  2    Str: 10    XL:     3   Next: 53%
Magic:  3/6        EV: 13    Int: 17    God:
Gold:   77         SH:  0    Dex: 14    Spells: 0/6 levels left

rFire    . . .     SeeInvis +   a - +2 dagger
rCold    . . .     Gourm    .   (no shield)
rNeg     . . .     Faith    .   f - +0 robe
rPois    .         Spirit   .   (no helmet)
rElec    .         Reflect  .   (no cloak)
rCorr    .         Harm     .   (no gloves)
MR       .....                  (no boots)
Stlth    +++.......             n - amulet of magic regeneration
HPRegen  0.28/turn              h - +2 ring of strength
MPRegen  0.35/turn              (no ring)

@: very slightly contaminated, regenerating quickly
A: no food, fangs 3, see invisible, unbreathing
a: Exsanguinate


You were on level 2 of the Dungeon.
You were alive.

You visited 1 branch of the dungeon, and saw 2 of its levels.

You collected 77 gold pieces.

Inventory:

Hand Weapons
 a - a +2 dagger (weapon)
Missiles
 j - 7 boomerangs (quivered)
Armour
 b - a +0 robe
 f - a +0 robe (worn)
Jewellery
 d - an uncursed ring of poison resistance
 h - a +2 ring of strength (left hand)
 n - an amulet of magic regeneration (around neck)
Scrolls
 c - a scroll of enchant weapon
Potions
 e - 2 potions of brilliance {unknown}
 g - a potion of heal wounds {unknown}
 i - a potion of ambrosia {unknown}
 l - a potion of haste {unknown}


   Skills:
 + Level 1.9 Short Blades
 + Level 2.7 Dodging
 + Level 5.0 Stealth
 + Level 2.4 Spellcasting
 * Level 5.0 Hexes


You couldn't memorise any spells.
You knew the following spells:

 Your Spells              Type           Power        Failure   Level  Hunger
a - Corona                Hex            ###....      2%          1    N/A
b - Ensorcelled Hibernat  Hex/Ice        ##....       10%         2    N/A
c - Confuse               Hex            ###.....     7%          3    N/A

Your spell library contained the following spells:

 Spells                   Type           Power        Failure   Level  Hunger
 Tukima's Dance           Hex            ###.....     7%          3    N/A
 Dazzling Spray           Conj/Hex       ##....       21%         3    N/A

Dungeon Overview and Level Annotations

Branches:
Dungeon (2/15)

Altars:
Hepliaklqana
Xom

Annotations:
D:2 Natasha


Innate Abilities, Weirdness & Mutations

You do not eat.
Your natural rate of healing is unusually fast.
You have razor-sharp teeth.
You have supernaturally acute eyesight. (SInv)
You can survive without breathing.


Message History

Casting: Confuse (safe; 7% risk of failure)
Confirm with . or Enter, or press ? or * to list all spells.
Aiming: Ensorcelled Hibernation (safe; 10% risk of failure)
Press: ? - help, Shift-Dir - straight line, f/p - Natasha
Aim: Natasha (inner flame, chance to defeat MR: 41%)
You miscast Ensorcelled Hibernation.
Your skin glows momentarily.
Natasha closely misses you.
The crimson imp blinks!
Natasha claws you.
* * * LOW HITPOINT WARNING * * *
The crimson imp blinks!
Unknown command.
The crimson imp blinks!
Natasha barely misses you.
There is an open door here.
Casting: Ensorcelled Hibernation (safe; 10% risk of failure)
Confirm with . or Enter, or press ? or * to list all spells.
Okay, then.
Natasha stares at you and mumbles some strange words.
The magic dart hits you.
You die...

## ##.######## #####
##w#.##.)..# #...#
#Z#####.#..#
#####.#.######w#_...##)#
........#..)####.8.##..#
######.##.##.###@._##.#######
#.#.....#...###..###...#
#.'.....#'####.....#...#
###.....#h.# ##.##.#...## ##
#.....5..# #.##.#..(.# ..
#####.)...#### #.##.'....# #.
#.........# #...##....# #.
#.##.##'### ######.##....# #.
####.#...#.# #......###...#
#.


You could see 2 tyrant leeches, a spectral ugly thing (wandering), Natasha
(inner flame) and a crimson imp.

Vanquished Creatures
  An ooze (D:1)
  A dart slug (D:1)
  2 worms (D:2)
  2 leopard geckos (D:1)
  A ball python (D:1)
  3 giant cockroaches (D:1)
  7 goblins
  5 hobgoblins
  4 bats
  5 frilled lizards
  2 kobolds
  2 rats
35 creatures vanquished.

Notes
Turn   | Place    | Note
-------+----------+-------------------------------------------
     0 | D:1      | Krouwed the Vampire Enchanter began the quest for the Orb.
     0 | D:1      | Reached XP level 1. HP: 13/13 MP: 3/3
    39 | D:1      | Reached XP level 2. HP: 19/19 MP: 5/5
   560 | D:1      | Learned a level 2 spell: Ensorcelled Hibernation
   631 | D:1      | Reached XP level 3. HP: 24/24 MP: 6/6
  1132 | D:2      | Found a hazy altar of Hepliaklqana.
  1133 | D:2      | Found a shimmering altar of Xom.
  1133 | D:2      | Noticed a tyrant leech
  1134 | D:2      | Noticed a spectral ugly thing
  1134 | D:2      | Noticed a tyrant leech
  1199 | D:2      | Reached skill level 5 in Stealth
  1199 | D:2      | Reached skill level 5 in Hexes
  1204 | D:2      | Learned a level 3 spell: Confuse
  1310 | D:2      | Noticed Natasha
  1329 | D:2      | HP: 1/24 [Natasha/magic dart (6)]
  1334 | D:2      | HP: 1/24 [Natasha (1)]
  1342 | D:2      | Killed from afar by Natasha

Levels and vault maps discovered:
D:1:      dpeg_arrival_renting, layout_loops_cross, roderic_lattice_a
D:2:      kennysheep_big_flooded_room, layout_basic,
          regret_index_temple_of_mockery, grunt_gozag_statues,
          chequers_temple_overflow_statue_of_worship, uniq_natasha

Skill      XL: |  1  2  3 |
---------------+----------+-----
Stealth        | 5 |  5.0
Hexes          | 5 |  5.0
Short Blades   | |  1.9
Dodging        | |  2.7
Spellcasting   | |  2.4

Action                   || total
-------------------------++-------
Melee: Dagger            ||   132
       Bite              ||     8
Throw: Boomerang         ||     3
 Cast: Ensorcelled Hiber ||    10
       Corona            ||     2
       Confuse           ||     1
  Use: Scroll            ||     6
 Stab: Sleeping          ||    12
Armor: Robe              ||    16
Dodge: Dodged            ||    76

Table legend:
 A = Non-vault XP
 B = Vault XP
 C = Vault XP percentage of total XP
 D = Non-vault monster count
 E = Vault monster count
 F = Vault count percentage of total count
                 A         B        C        D         E       F
            +---------+---------+-------+---------+---------+-------
      Total |      71 |       0 |   0.0 |      35 |       0 |   0.0
            +---------+---------+-------+---------+---------+-------
        D:1 |      53 |       0 |   0.0 |      26 |       0 |   0.0
        D:2 |      18 |       0 |   0.0 |       9 |       0 |   0.0
            +---------+---------+-------+---------+---------+-------
